 Dungeon Crawl Stone Soup version 0.28-a0-1339-ga5422284a4 (webtiles) character file.

Game seed: 11678464638365195447

52 ryw the Skirmisher (level 3, -1/31 HPs)
             Began as a Demigod Fighter on Dec 29, 2021.
             Slain by a gnoll (9 damage)
             ... on level 2 of the Dungeon.
             The game lasted 00:02:27 (1299 turns).

ryw the Skirmisher (Demigod Fighter)                Turns: 1299, Time: 00:02:28

Health: -1/31      AC:  6    Str: 21    XL:     3   Next: 39%
Magic:  5/5        EV:  9    Int: 10    God:
Gold:   25         SH:  4    Dex: 13    Spells: 2/2 levels left

rFire   . . .      SeeInvis .   a - +0 war axe
rCold   . . .      Faith    .   c - +0 buckler
rNeg    . . .      Spirit   .   b - +0 scale mail
rPois   .          Reflect  .   (no helmet)
rElec   .          Harm     .   (no cloak)
rCorr   .          Rampage  .   (no gloves)
Will    .....                   (no boots)
Stlth   ..........              (no amulet)
HPRegen 0.10/turn               (no ring)
MPRegen 0.09/turn               (no ring)

@: no status effects
A: high mp 1, forlorn, divine attributes
a: no special abilities


You were on level 2 of the Dungeon.
You visited 1 branch of the dungeon, and saw 2 of its levels.

You collected 25 gold pieces.

Inventory:

Hand Weapons
 a - a +0 war axe (weapon)
Armour
 b - a +0 scale mail (worn)
 c - a +0 buckler (worn)
Scrolls
 f - a scroll of teleportation
Potions
 d - a potion of might
 e - a potion of mutation {unknown}
 g - 2 potions of attraction {unknown}


   Skills:
 + Level 3.2 Fighting
 * Level 3.1 Axes
 - Level 2.6 Armour
 - Level 2.6 Shields


You had 2 spell levels left.
You didn't know any spells.
Your spell library contained the following spells:

 Spells                   Type           Power      Damage    Failure   Level
 Airstrike                Air            0%         N/A       100%        4
 Hailstorm                Conj/Ice       0%         3d3       100%        4
 Ice Form                 Ice/Tmut       0%         N/A       100%        4
 Summon Lightning Spire   Summ/Air       0%         N/A       100%        4
 Lightning Bolt           Conj/Air       0%         1d11      100%        5
 Simulacrum               Ice/Necr       0%         N/A       100%        6


Dungeon Overview and Level Annotations

Branches:
Dungeon (2/15)

Shops:
D:1 [


Innate Abilities, Weirdness & Mutations

You have an increased reservoir of magic. (+10% MP)
You shall have no god before yourself.
Your divine heritage dramatically boosts your attributes as you level up.


Message History

The ball python bites you but does no damage.
The ball python grabs you. The ball python constricts you.
You see here 2 white potions.
You slash the ball python!
You kill the ball python!
You hit the bush but do no damage. You hit the bush. x2
No target in view!
No target in view!
No target in view!
No target in view!
No target in view!
g - 2 white potions A gnoll comes into view.
It is wielding a +0 halberd.
Found a potion of might.
A gnoll comes into view. It is wielding a +0 flail.
The gnoll shouts!
You hear a shout! 2 gnolls come into view.
The gnoll shouts! x2
The gnoll hits you with a +0 halberd!
You hit the gnoll.
The gnoll is moderately wounded.
The gnoll hits you with a +0 halberd.
You hit the gnoll but do no damage.
The gnoll is moderately wounded.
You block the gnoll's attack.
You slash the gnoll!
The gnoll is severely wounded.
You block the gnoll's attack.
You slash the gnoll!
You kill the gnoll!
The gnoll hits you from afar with a +0 halberd.
You block the gnoll's attack.
The gnoll hits you from afar with a +0 spear!
* * * LOW HITPOINT WARNING * * *
You are too injured to fight recklessly!
You are too injured to fight recklessly!
Unknown command.
The gnoll barely misses you.
The gnoll hits you from afar with a +0 halberd!
You die... #..).............. #...PPP.PPPPPPP...

#...P.....÷.P.P...
#...PPPPPPP.P÷P...
#...P...P....(P###
#...P.P.P.PPP.P###
#...P.P.P.P.).P...
#########+...PPP.PPP.PPP...
..!....gg.@..P.....÷...P...
........g....PPP.P.PPP.P...
.................P.P.P.P...
####.)......P.P.P.P.P.P.##
#....[....P.P.P.P.....#
#...#......PPP.PPPPPPP...
...............#.###Shh##..
.....................gh ..
......#..............h. ##


You could see 3 gnolls.

Vanquished Creatures
  A gnoll (D:2)
  An adder (D:2)
  6 endoplasms (D:1)
  2 goblins
  3 hobgoblins (D:1)
  4 jackals (D:2)
  A quokka (D:1)
  6 ball pythons
  A bat (D:1)
  2 frilled lizards
  2 kobolds
  A rat (D:2)
30 creatures vanquished.

Notes
Turn   | Place    | Note
-------+----------+-------------------------------------------
     0 | D:1      | ryw the Demigod Fighter began the quest for the Orb.
     0 | D:1      | Reached XP level 1. HP: 18/18 MP: 3/3
   448 | D:1      | Found Yqijy's Antique Armour Boutique.
   495 | D:1      | Reached XP level 2. HP: 19/25 MP: 4/4
  1000 | D:2      | Reached XP level 3. HP: 12/31 MP: 5/5
  1299 | D:2      | Slain by a gnoll

Illustrated notes

Levels and vault maps discovered:
D:1:      noname_arrival_rooms_in_the_neighbourhood, layout_basic, serial_shops,
          nicolae_shop_overgrown_old_shop
D:2:      layout_rooms, minmay_hedge_maze, kennysheep_pointless_box,
          roderic_serpentine_path

Skill      XL: |  1  2 |
---------------+-------+-----
Axes           | 2 3 |  3.1
Fighting       | 3 |  3.2
Armour         | |  2.6
Shields        | |  2.6

Action                   || total
-------------------------++-------
Melee: War axe           ||    73
  Use: Scroll            ||     2
Armor: Scale mail        ||    33
Dodge: Dodged            ||    31
Block: Buckler           ||    17

Table legend: (Time is in decaauts)
 A = Elapsed time spent in this place.
 B = Non-inter-level travel time spent in this place.
 C = Inter-level travel time spent in this place.
 D = Time resting spent in this place.
 E = Time spent auto-exploring this place.
 F = Levels seen in this place.
 G = Mean time per level.
                   A        B        C        D        E       F      G
               +--------+--------+--------+--------+--------+-----+--------+
         Total |   1327 |   1320 |      7 |    229 |    826 |   2 |  663.5 |
       Dungeon |   1327 |   1320 |      7 |    229 |    826 |   2 |  663.5 |
               +--------+--------+--------+--------+--------+-----+--------+

Top non-repeatable levels by time:
     D:1: 1050 daAuts
     D:2: 277 daAuts
